 Dungeon Crawl Stone Soup version 0.25-a0-665-ga69d64035b (webtiles) character file.

Game seed: 5590966674767115864, levelgen mode: deterministic

11 Conn the Magician (level 2, -1/17 HPs)
             Began as an Octopode Wizard on Mar 26, 2020.
             Slain by an adder (5 damage)
             ... on level 2 of the Dungeon.
             The game lasted 00:02:09 (1017 turns).

Conn the Magician (Octopode Wizard)                 Turns: 1017, Time: 00:02:09

Health: -1/17      AC:  3    Str:  6    XL:     2   Next: 29%
Magic:  6/6        EV: 13    Int: 20    God:
Gold:   63         SH:  0    Dex: 12    Spells: 6/7 levels left

rFire    + . .     SeeInvis .   j - +0 dagger
rCold    . . .     Gourm    .   (no shield)
rNeg     . . .     Faith    .   h - +2 hat
rPois    .         Spirit   .   (no amulet)
rElec    .         Reflect  .   (no ring)
rCorr    .         Harm     .   (no ring)
MR       .....     Rnd*Tele +   (no ring)
Stlth    +++.......             (no ring)
HPRegen  0.05/turn              (no ring)
MPRegen  0.10/turn              (no ring)
                                (no ring)
                                (no ring)

@: lethally poisoned (-1 -> -7)
A: almost no armour, stealthy swim, amphibious, 8 rings, constrict 8, tentacle
spike 1, camouflage 1, agile 1, fire resistance 1, teleportitis 1, gelatinous
body 1
a: no special abilities


You were on level 2 of the Dungeon.
You were not hungry.

You visited 1 branch of the dungeon, and saw 2 of its levels.

You collected 63 gold pieces.

Inventory:

Hand Weapons
 j - a +0 dagger (weapon)
Armour
 h - a +2 hat (worn)
Scrolls
 d - a scroll of identify {unknown}
 e - 2 scrolls of remove curse
 g - a scroll of enchant armour {unknown}
 i - a scroll of amnesia {unknown}
Potions
 a - a potion of magic
Comestibles
 c - 4 rations
 f - 3 chunks of flesh


   Skills:
 + Level 2.2 Dodging
 + Level 2.7 Stealth
 * Level 3.3 Spellcasting
 * Level 1.1 Conjurations
   Level 1.0 Summonings
   Level 1.0 Translocations


You had 6 spell levels left.
You knew the following spells:

 Your Spells              Type           Power        Failure   Level  Hunger
a - Magic Dart            Conj           #...         9%          1    None

Your spell library contained the following spells:

 Spells                   Type           Power        Failure   Level  Hunger
 Blink                    Tloc           N/A          14%         2    ##.....
 Call Imp                 Summ           #.......     14%         2    ##.....
 Slow                     Hex            #.......     21%         2    ##.....
 Conjure Flame            Conj/Fire      #.......     32%         3    ###....
 Mephitic Cloud           Conj/Pois/Air  #.......     34%         3    ###....


Dungeon Overview and Level Annotations

Branches:
Dungeon (2/15)

Altars:


Innate Abilities, Weirdness & Mutations

You cannot wear most types of armour.
You are very stealthy in the water. (Stealth+)
You are amphibious.
You can wear up to eight rings at the same time.
You can use your tentacles to constrict eight enemies at once.
Your skin changes colour to match your surroundings (Stealth+).
Your rubbery body absorbs attacks. (AC +1, EV +1)
One of your tentacles bears a spike.
You are agile. (Dex +2)
Your flesh is heat resistant. (rF+)
You are occasionally teleported next to monsters.


Message History

The adder bites you.
Unknown command.
It was a potion of magic.
Magic courses through your body. The adder misses you.
The giant cockroach barely misses you. The giant cockroach misses you.
The adder closely misses you. The adder bites you.
* * * LOW HITPOINT WARNING * * *
You are poisoned.
The adder poisons you!
You see here a +0 club.
Casting: Magic Dart (safe; 9% risk of failure)
Confirm with . or Enter, or press ? or * to list all spells.
Okay, then.
It was a potion of mutation.
You feel extremely strange.
One of your lower tentacles grows a sharp spike.
You feel weirdly uncertain.
You feel agile.
You feel resistant to heat.
* * * LOW HITPOINT WARNING * * *
You feel sick. The adder bites you.
You die...

#..........# #8.8# #.
#........#.##.....#8.8# #.
#........#........#8.8####.
#.%...............#8.8#....
#.)...###......#8.8#.##.
##..#..........#8.8#.##.
#.............#...#....
#.##.##.......#'''#....
#...sS@..#.>.=....#.##.
#.##.##....#....###.##.
#.##.##..#.#....###.##.
#.##.##..#^#.........#. #.
#.....###########.#.
...##.# ########.#. ....
... ........... ##. #..
........... #. ####
.###.#<...


You could see an adder and a giant cockroach.

Vanquished Creatures
  A dart slug (D:2)
  3 goblins (D:1)
  A hobgoblin (D:2)
  2 kobolds
  2 bats
9 creatures vanquished.

Notes
Turn   | Place    | Note
-------+----------+-------------------------------------------
     0 | D:1      | Conn the Octopode Wizard began the quest for the Orb.
     0 | D:1      | Reached XP level 1. HP: 11/11 MP: 4/4
   975 | D:2      | Reached XP level 2. HP: 17/17 MP: 6/6
  1017 | D:2      | Gained mutation: One of your tentacles bears a spike.
                  | [potion of mutation]
  1017 | D:2      | Gained mutation: You are occasionally teleported next to
                  | monsters. [potion of mutation]
  1017 | D:2      | Gained mutation: You are agile. (Dex +2) [potion of
                  | mutation]
  1017 | D:2      | Gained mutation: Your flesh is heat resistant. (rF+)
                  | [potion of mutation]
  1017 | D:2      | Slain by an adder

Levels and vault maps discovered:
D:1:      psy_arrival_whirlpool, layout_basic
D:2:      layout_basic, kennysheep_cross_bottleneck

Action                   || total
-------------------------++-------
Melee: Unarmed           ||     8
       Constrict         ||     5
       Dagger            ||    11
       Tentacles         ||     2
 Cast: Magic Dart        ||     8
  Use: Potion            ||     2
       Scroll            ||     1
 Stab: Sleeping          ||     2
Armor: Skin              ||     5
Dodge: Dodged            ||    18

Table legend:
 A = Non-vault XP
 B = Vault XP
 C = Vault XP percentage of total XP
 D = Non-vault monster count
 E = Vault monster count
 F = Vault count percentage of total count
                 A         B        C        D         E       F
            +---------+---------+-------+---------+---------+-------
      Total |      17 |       0 |   0.0 |       9 |       0 |   0.0
            +---------+---------+-------+---------+---------+-------
        D:1 |       8 |       0 |   0.0 |       5 |       0 |   0.0
        D:2 |       9 |       0 |   0.0 |       4 |       0 |   0.0
            +---------+---------+-------+---------+---------+-------
